 Dungeon Crawl Stone Soup version 0.29.0-4-gdea44cf6ec (webtiles) character file.

Game seed: 8773846575095741853

264 qw the Chopper (level 6, -3/35 HPs)
             Began as a Tengu Warper on Aug 28, 2022.
             Slain by an ogre
             ... wielding a +0 giant spiked club
              (13 damage)
             ... on level 4 of the Dungeon.
             The game lasted 00:00:19 (4123 turns).

qw the Chopper (Tengu Warper)                       Turns: 4123, Time: 00:00:19

Health: -3/35      AC: 11    Str: 13    XL:     6   Next: 19%
Magic:  0/10       EV:  7    Int: 14    God:
Gold:   188        SH:  0    Dex: 13    Spells: 9/9 levels left

rFire   . . .      SeeInvis .   Y - +0 war axe
rCold   . . .      Faith    .   (no shield)
rNeg    . . .      Spirit   +   m - +0 chain mail
rPois   .          Reflect  .   (helmet restricted)
rElec   .          Harm     .   (no cloak)
rCorr   .          Rampage  .   g - +1 pair of gloves {Stlth+}
Will    .....                   (boots unavailable)
Stlth   ..........              i - amulet of guardian spirit
HPRegen 0.11/turn               (no ring)
MPRegen 0.12/turn               (no ring)

@: flying quickly and evasively, quick
A: beak, talons 3, nimble flight
a: no special abilities


You were on level 4 of the Dungeon.
You visited 1 branch of the dungeon, and saw 4 of its levels.

You collected 188 gold pieces.


Innate Abilities, Weirdness & Mutations

You have a beak for a mouth.
You have claws for feet.
Your magical nature lets you fly swiftly and evasively.


   Skills:
 - Level 2.0 Fighting
 + Level 6.1 Axes
 - Level 1.0 Throwing
 - Level 3.2 Armour
 - Level 2.1 Dodging
 - Level 2.0 Spellcasting
 - Level 2.4 Translocations


You had 9 spell levels left.
You didn't know any spells.
Your spell library contained the following spells:

 Spells                   Type           Power      Damage    Failure   Level
 Blink                    Tloc           16%        N/A       99%         2
 Gell's Gravitas          Tloc           8%         N/A       100%        3
 Lesser Beckoning         Tloc           8%         N/A       100%        3
 Teleport Other           Tloc           8%         N/A       100%        3
 Manifold Assault         Tloc           8%         N/A       100%        5

Inventory:

Hand Weapons
 a - a +0 mace
 Y - a +0 war axe (weapon)
Armour
 g - a +1 pair of gloves of stealth (worn)
 m - a +0 chain mail (worn)
Jewellery
 i - an amulet of guardian spirit (around neck)
Scrolls
 c - a scroll of identify
 d - a scroll of noise {unknown}
 k - a scroll of teleportation
Potions
 b - a potion of mutation
 f - 4 potions of haste
 h - 2 potions of cancellation

Dungeon Overview and Level Annotations

Branches:
Dungeon (4/15)
 Temple: D:4-7

Altars:
Vehumet
Zin


Message History

Waypoint 1 re-assigned from D:2 to D:4.
Found a scale mail.
Found an escape hatch in the ceiling.
An ufetubus comes into view.
The ufetubus shouts!
You closely miss the ufetubus. Your kick misses the ufetubus.
The ufetubus hits you but does no damage. x2
The ufetubus closely misses you. The ufetubus hits you.
You hit the ufetubus. You claw the ufetubus.
You kill the ufetubus!
Found 3 stones.
Found a book of the Hunter.
An ogre comes into view. It is wielding a +0 giant club.
Found a scroll labelled LIHIBO EGAXE.
You slash the ogre!
The ogre is moderately wounded.
The ogre barely misses you.
You slash the ogre! You claw the ogre. You peck the ogre.
The ogre is almost dead.
The ogre barely misses you.
You hit the ogre.
You kill the ogre!
Your Armour skill gained 2 levels and is now at level 3!
You have reached level 6!
d - a scroll labelled LIHIBO EGAXE A quokka comes into view.
The quokka bites you but does no damage.
You slash the quokka!
You kill the quokka!
Found a stone staircase leading up.
An ogre comes into view. It is wielding a +0 giant spiked club.
The ogre shouts!
You hit the ogre. You claw the ogre. You peck the ogre.
The ogre is heavily wounded.
The ogre hits you with a +0 giant spiked club!!
Ouch! That really hurt!
You slash the ogre! You claw the ogre, but do no damage. You peck the ogre.
The ogre is almost dead.
The ogre hits you with a +0 giant spiked club!
You die...

#.# .. #.# #.
##.# #: #..#
########.#####.#
.........%.....#
########.#######
#.# #@#
#O.......
...###### <....
####..# ... #...
####


You could see an ogre.

Vanquished Creatures
  An ogre (D:4)
  An orc priest (D:3)
  An orc wizard (D:3)
  3 adders
  A gnoll (D:1)
  An ufetubus (D:4)
  A dart slug (D:2)
  6 orcs (D:3)
  6 endoplasms
  4 giant cockroaches
  7 goblins
  10 hobgoblins
  3 kobolds (D:1)
  4 quokkas
  6 ball pythons
  4 bats
  4 frilled lizards
  7 rats
70 creatures vanquished.

Notes
Turn   | Place    | Note
-------+----------+-------------------------------------------
     0 | D:1      | qw the Tengu Warper began the quest for the Orb.
     0 | D:1      | Reached XP level 1. HP: 12/12 MP: 4/4
     0 | D:1      | 0 ||| qw: Version: 0.1-a-89-g26bdef1
     0 | D:1      | 0 ||| qw: Game counter: 2849
     0 | D:1      | 0 ||| qw: Always use a shield: true
     0 | D:1      | 0 ||| qw: God list: Okawaru
     0 | D:1      | 0 ||| qw: Allow faded altars: false
     0 | D:1      | 0 ||| qw: Do Orc after D:15 true
     0 | D:1      | 0 ||| qw: Do second Lair branch before Depths: true
     0 | D:1      | 0 ||| qw: Lair rune preference: random
     0 | D:1      | 0 ||| qw: Plans: Normal
     0 | D:1      | 0 ||| PLANNING D:1-11
    68 | D:1      | Found a faded altar of an unknown god.
    98 | D:1      | 98 ||| Stepping ~*~*~tactically~*~*~ (stealth).
   127 | D:1      | Reached skill level 3 in Axes
   127 | D:1      | Reached XP level 2. HP: 13/17 MP: 6/6
   370 | D:1      | Reached XP level 3. HP: 20/21 MP: 7/7
   628 | D:1      | Reached skill level 4 in Axes
   639 | D:1      | 639 ||| Stepping ~*~*~tactically~*~*~ (stealth).
   640 | D:1      | 640 ||| Stepping ~*~*~tactically~*~*~ (stealth).
   644 | D:1      | 644 ||| Stepping ~*~*~tactically~*~*~ (stealth).
  1008 | D:1      | 1008 ||| UPGRADING to +0 ring mail.
  1018 | D:1      | 1018 ||| DROPPING +0 leather armour.
  1019 | D:1      | 1019 ||| UPGRADING to +0 pair of gloves of stealth.
  1024 | D:1      | 1024 ||| UPGRADING to amulet of guardian spirit.
  1029 | D:1      | 1029 ||| READING scroll labelled KIULIRES FELEI.
  1030 | D:1      | 1030 ||| DRINKING 4 cyan potions.
  1031 | D:1      | 1031 ||| DROPPING scroll of blinking.
  1063 | D:2      | 1063 ||| STAIRDANCE
  1165 | D:2      | 1165 ||| Stepping ~*~*~tactically~*~*~ (stealth).
  1323 | D:2      | Reached XP level 4. HP: 25/26 MP: 8/8
  1324 | D:2      | 1324 ||| DROPPING +0 club.
  1363 | D:2      | 1363 ||| Stepping ~*~*~tactically~*~*~ (stealth).
  1513 | D:2      | 1513 ||| SWAPPING to +0 war axe.
  1514 | D:2      | 1514 ||| DROPPING +0 hand axe.
  1554 | D:2      | 1554 ||| Stepping ~*~*~tactically~*~*~ (hiding).
  1555 | D:2      | 1555 ||| Stepping ~*~*~tactically~*~*~ (stealth).
  1556 | D:2      | 1556 ||| Stepping ~*~*~tactically~*~*~ (hiding).
  1557 | D:2      | 1557 ||| Stepping ~*~*~tactically~*~*~ (hiding).
  1558 | D:2      | 1558 ||| Stepping ~*~*~tactically~*~*~ (stealth).
  1559 | D:2      | 1559 ||| Stepping ~*~*~tactically~*~*~ (hiding).
  1560 | D:2      | 1560 ||| Stepping ~*~*~tactically~*~*~ (hiding).
  1561 | D:2      | 1561 ||| Stepping ~*~*~tactically~*~*~ (hiding).
  1562 | D:2      | 1562 ||| Stepping ~*~*~tactically~*~*~ (hiding).
  1968 | D:2      | 1968 ||| Stepping ~*~*~tactically~*~*~ (hiding).
  2070 | D:2      | 2070 ||| Stepping ~*~*~tactically~*~*~ (hiding).
  2172 | D:2      | 2172 ||| Stepping ~*~*~tactically~*~*~ (hiding).
  2274 | D:2      | 2274 ||| Stepping ~*~*~tactically~*~*~ (hiding).
  2376 | D:2      | 2376 ||| Stepping ~*~*~tactically~*~*~ (hiding).
  2478 | D:2      | 2478 ||| Stepping ~*~*~tactically~*~*~ (hiding).
  2580 | D:2      | 2580 ||| Stepping ~*~*~tactically~*~*~ (hiding).
  2682 | D:2      | 2682 ||| Stepping ~*~*~tactically~*~*~ (hiding).
  2691 | D:2      | Reached skill level 5 in Axes
  3014 | D:2      | 3014 ||| READING 4 scrolls labelled BUTHRA MIMEIXOE.
  3015 | D:2      | 3015 ||| READING scroll labelled DAL UPOJOU.
  3016 | D:2      | 3016 ||| DRINKING 2 fizzy silvery potions.
  3017 | D:2      | 3017 ||| READING 3 scrolls of identify.
  3017 | D:2      | 3017 ||| IDENTIFYING lumpy purple potion
  3084 | D:3      | 3084 ||| Stepping ~*~*~tactically~*~*~ (stealth).
  3085 | D:3      | 3085 ||| Stepping ~*~*~tactically~*~*~ (stealth).
  3217 | D:3      | 3217 ||| Stepping ~*~*~tactically~*~*~ (stealth).
  3219 | D:3      | 3219 ||| Stepping ~*~*~tactically~*~*~ (hiding).
  3220 | D:3      | 3220 ||| Stepping ~*~*~tactically~*~*~ (hiding).
  3229 | D:3      | Gained mutation: Your magical nature lets you fly swiftly
                  | and evasively. [Tengu growth]
  3229 | D:3      | Reached XP level 5. HP: 13/30 MP: 3/9
  3282 | D:3      | 3282 ||| Stepping ~*~*~tactically~*~*~ (stealth).
  3311 | D:3      | Reached skill level 6 in Axes
  3440 | D:3      | 3440 ||| Stepping ~*~*~tactically~*~*~ (stealth).
  3441 | D:3      | 3441 ||| Stepping ~*~*~tactically~*~*~ (stealth).
  3475 | D:3      | 3475 ||| Stepping ~*~*~tactically~*~*~ (stealth).
  3572 | D:3      | Found a glowing silver altar of Zin.
  3636 | D:3      | Found a radiant altar of Vehumet.
  3990 | D:3      | 3990 ||| UPGRADING to +0 chain mail.
  4000 | D:3      | 4000 ||| DROPPING +0 ring mail.
  4001 | D:3      | 4001 ||| READING 2 scrolls labelled HEMIRA OMYG.
  4002 | D:3      | 4002 ||| READING scroll of enchant armour.
  4002 | D:3      | 4002 ||| ENCHANTING +0 pair of gloves of stealth.
  4003 | D:3      | 4003 ||| READING 2 scrolls labelled AWNEOSTOLA.
  4008 | D:3      | 4008 ||| DRINKING 2 bubbling orange potions.
  4046 | D:3      | 4046 ||| READING 3 scrolls of identify.
  4046 | D:3      | 4046 ||| IDENTIFYING sapphire potion
  4047 | D:3      | 4047 ||| READING 2 scrolls of identify.
  4047 | D:3      | 4047 ||| IDENTIFYING orange potion
  4048 | D:3      | 4048 ||| DROPPING potion of lignification.
  4049 | D:3      | 4049 ||| DROPPING potion of magic.
  4050 | D:3      | 4050 ||| DROPPING potion of degeneration.
  4078 | D:4      | Noticed an ogre
  4082 | D:4      | Killed an ogre
  4083 | D:4      | Reached skill level 3 in Armour
  4083 | D:4      | Reached XP level 6. HP: 35/35 MP: 10/10
  4123 | D:4      | Slain by an ogre

Levels and vault maps discovered:
D:1:      minmay_arrival_three_doors, layout_loops_cross,
          ebering_ecumenical_altar_webs
D:2:      minmay_inner_zag, layout_basic
D:3:      layout_basic, lemuel_coloured_pillars_altar,
          mainiacjoe_overflow_surrounded_room
D:4:      layout_loops_ring, nicolae_qazlal_scattered_showers,
          minmay_misc_feat_columns, minmay_crystal_water

Skill      XL: |  1  2  3  4  5 |
---------------+----------------+-----
Axes           | 3 4 5 6 |  6.1
Armour         | 3 |  3.2
Fighting       | |  2.0
Throwing       | |  1.0
Dodging        | |  2.1
Spellcasting   | |  2.0
Translocations | |  2.4

Action                   |  1- 3 |  4- 6 || total
-------------------------+-------+-------++-------
Melee: Hand axe          |    73 |     8 ||    81
       Peck              |    12 |    10 ||    22
       Kick              |    13 |    23 ||    36
       War axe           |       |    69 ||    69
Throw: Boomerang         |     7 |       ||     7
  Use: Scroll            |     1 |     8 ||     9
       Potion            |     1 |     2 ||     3
 Stab: Distracted        |     1 |       ||     1
Armor: Leather armour    |     4 |       ||     4
       Ring mail         |     9 |    16 ||    25
       Chain mail        |       |     3 ||     3
Dodge: Dodged            |    30 |    42 ||    72

Table legend:
 A = Non-vault XP
 B = Vault XP
 C = Vault XP percentage of total XP
 D = Non-vault monster count
 E = Vault monster count
 F = Vault count percentage of total count
                 A         B        C        D         E       F
            +---------+---------+-------+---------+---------+-------
      Total |     373 |       5 |   1.3 |      67 |       3 |   4.3
            +---------+---------+-------+---------+---------+-------
        D:1 |      61 |       0 |   0.0 |      30 |       0 |   0.0
        D:2 |      56 |       5 |   8.2 |      18 |       3 |  14.3
        D:3 |     121 |       0 |   0.0 |      16 |       0 |   0.0
        D:4 |     135 |       0 |   0.0 |       3 |       0 |   0.0
            +---------+---------+-------+---------+---------+-------
